 Dungeon Crawl Stone Soup version 0.26-a0-651-gb41185065b (webtiles) character file.

Game seed: 9189886774620383854

6 inmateoo the Skirmisher (level 1, -1/20 HPs)
             Began as a Minotaur Fighter on Oct 10, 2020.
             Slain by a kobold
             ... wielding a +0 short sword
              (2 damage)
             ... on level 1 of the Dungeon.
             The game lasted 00:00:26 (79 turns).

inmateoo the Skirmisher (Minotaur Fighter)            Turns: 79, Time: 00:00:26

Health: -1/20      AC:  7    Str: 20    XL:     1   Next: 75%
Magic:  0/0        EV:  7    Int:  5    God:
Gold:   8          SH:  9    Dex:  9    Spells: 0/0 levels left

rFire    . . .     SeeInvis .   a - +0 war axe
rCold    . . .     Faith    .   c - +0 kite shield
rNeg     . . .     Spirit   .   b - +0 scale mail
rPois    .         Reflect  .   (helmet restricted)
rElec    .         Harm     .   (no cloak)
rCorr    .         Rampage  .   (no gloves)
MR       .....                  (no boots)
Stlth    ..........             (no amulet)
HPRegen  0.06/turn              (no ring)
MPRegen  0.07/turn              (no ring)

@: no status effects
A: retaliatory headbutt, horns 2
a: no special abilities


You were on level 1 of the Dungeon.
You visited 1 branch of the dungeon, and saw 1 of its levels.

You collected 8 gold pieces.

Inventory:

Hand Weapons
 a - a +0 war axe (weapon)
Armour
 b - a +0 scale mail (worn)
 c - a +0 kite shield (worn)
Scrolls
 e - a scroll of identify {unknown}
Potions
 d - a potion of might


   Skills:
 + Level 3.7 Fighting
 * Level 2.7 Axes
 + Level 3.7 Armour
 + Level 0.3 Dodging
 + Level 3.7 Shields


You couldn't memorise any spells.
You didn't know any spells.
Your spell library was empty.

Dungeon Overview and Level Annotations

Branches:
Dungeon (1/15)

Altars:


Innate Abilities, Weirdness & Mutations

You reflexively headbutt those who attack you in melee.
You have a pair of horns on your head.


Message History

The kobold hits you with a +0 short sword.
* * * LOW HITPOINT WARNING * * *
The kobold hits you but does no damage.
Your shield prevents you from hitting the kobold.
You headbutt the kobold, but do no damage.
The kobold hits you but does no damage. x2
You barely miss the leopard gecko. You hit the kobold but do no damage.
The leopard gecko barely misses you. You block the kobold's attack.
You hit the leopard gecko.
The leopard gecko is moderately wounded.
You closely miss the kobold. The leopard gecko bites you.
* * * LOW HITPOINT WARNING * * *
You block the kobold's attack.
The leopard gecko bites you but does no damage.
You barely miss the leopard gecko.
The leopard gecko is lightly wounded.
You closely miss the kobold. You block the kobold's attack.
You block the leopard gecko's attack.
The kobold hits you with a +0 short sword.
You die...

...........).....#
...##....##...†...#
..#.##..##.#......#
. #.#.#..#.#.#.....#
.. #.#....#.##.....#
#.##......##.#....#
#.#..........#.#...#
##............# ...#
......r@l.......#..#
......K............#
..###.#...##.#####
.....### .# ....###
.l ....[. .. ...##
##.


You could see a leopard gecko, a kobold and a rat.

Vanquished Creatures
  A bat (D:1)
  A goblin (D:1)
  3 kobolds (D:1)
  A rat (D:1)
6 creatures vanquished.

Notes
Turn   | Place    | Note
-------+----------+-------------------------------------------
     0 | D:1      | inmateoo the Minotaur Fighter began the quest for the Orb.
     0 | D:1      | Reached XP level 1. HP: 19/19 MP: 0/0
    78 | D:1      | HP: 1/20 [leopard gecko (3)]
    79 | D:1      | Slain by a kobold

Illustrated notes

Levels and vault maps discovered:
D:1:      sevenhm_arrival_forest_fort_large_2, layout_basic,
          minmay_misc_feat_secret_circle, hangedman_decor_diamond_cutter,
          minmay_misc_feat_chi, chequers_avenue, nrook_mini_vaults,
          minmay_misc_feat_diagonals, st_stairs_5, minmay_tetromino_s4

Action                   || total
-------------------------++-------
Melee: War axe           ||    14
       Headbutt          ||     3
Armor: Scale mail        ||    15
Dodge: Dodged            ||    10
Block: Kite shield       ||    13

Table legend: (Time is in decaauts)
 A = Elapsed time spent in this place.
 B = Non-inter-level travel time spent in this place.
 C = Inter-level travel time spent in this place.
 D = Time resting spent in this place.
 E = Time spent auto-exploring this place.
 F = Levels seen in this place.
 G = Mean time per level.
                   A        B        C        D        E       F      G
               +--------+--------+--------+--------+--------+-----+--------+
         Total |     84 |     84 |      0 |      0 |     32 |   1 |   84.0 |
       Dungeon |     84 |     84 |      0 |      0 |     32 |   1 |   84.0 |
               +--------+--------+--------+--------+--------+-----+--------+

Top non-repeatable levels by time:
     D:1: 84 daAuts
